 Dungeon Crawl Stone Soup version 0.27-a0-323-gbd089401bb (webtiles) character file.

Game seed: 17203250145169702035

36 snetch the Chopper (level 3, -2/49 HPs)
             Began as a Minotaur Berserker on Feb 10, 2021.
             Was a Follower of Trog.
             Slain by a gnoll
             ... wielding a +0 halberd
              (11 damage)
             ... on level 3 of the Dungeon.
             The game lasted 00:02:41 (1152 turns).

snetch the Chopper (Minotaur Berserker)             Turns: 1152, Time: 00:02:41

Health: -2/49      AC:  3    Str: 22    XL:     3   Next: 19%
Magic:  2/2        EV: 12    Int:  4    God:    Trog [*.....]
Gold:   39         SH:  0    Dex:  9    Spells: 2/2 levels left

rFire    . . .     SeeInvis .   a - +0 hand axe
rCold    . . .     Faith    .   (no shield)
rNeg     . . .     Spirit   .   b - +0 animal skin
rPois    .         Reflect  .   (helmet restricted)
rElec    .         Harm     .   g - +0 cloak
rCorr    .         Rampage  .   (no gloves)
Will     .....                  (no boots)
Stlth    ..........             (no amulet)
HPRegen  0.16/turn              (no ring)
MPRegen  0.08/turn              (no ring)

@: berserking, very quick
A: retaliatory headbutt, horns 2
a: Renounce Religion, Berserk


You were on level 3 of the Dungeon.
You worshipped Trog.
Trog was aware of your devotion.
You visited 1 branch of the dungeon, and saw 3 of its levels.

You collected 39 gold pieces.

Inventory:

Hand Weapons
 a - a +0 hand axe (weapon)
Missiles
 d - 24 stones
 f - 22 sling bullets
Armour
 b - a +0 animal skin (worn)
 g - a +0 cloak (worn)
Scrolls
 c - a scroll of teleportation {unknown}
 h - a scroll of immolation {unknown}
 i - a scroll of random uselessness {unknown}
Potions
 e - 2 potions of ambrosia {unknown}
 j - a potion of haste {unknown}
 k - a potion of lignification {unknown}
 l - a potion of curing {unknown}


   Skills:
 + Level 4.1 Fighting
 + Level 4.4 Axes
 + Level 2.7 Armour
 + Level 2.5 Dodging
 + Level 0.3 Stealth


You had 2 spell levels left.
You didn't know any spells.
Your spell library was empty.

Dungeon Overview and Level Annotations

Branches:
Dungeon (3/15)

Altars:

Annotations:
D:1 animals behind stone


Innate Abilities, Weirdness & Mutations

You reflexively headbutt those who attack you in melee.
You have a pair of horns on your head.


Message History

The gnoll shouts!
A kobold comes into view.
It is wielding a +0 short sword and quivering poisoned darts.
Found a hunting sling.
You hit the gnoll.
The gnoll is heavily wounded.
The gnoll misses you.
You barely miss the gnoll. Your headbutt misses the gnoll.
The gnoll is heavily wounded.
The gnoll barely misses you. You furiously retaliate!
You headbutt the gnoll. You barely miss the gnoll.
Your headbutt misses the gnoll.
The gnoll is heavily wounded.
A gnoll comes into view. It is wielding a +0 halberd.
The gnoll hits you.
The gnoll shouts!
You hit the gnoll but do no damage. Your headbutt misses the gnoll.
The gnoll is heavily wounded.
The gnoll barely misses you. You furiously retaliate!
You headbutt the gnoll!
You kill the gnoll!
Trog accepts your kill.
You have reached level 3!
Your experience leads to an increase in your attributes!
Increase (S)trength, (I)ntelligence, or (D)exterity?
You feel stronger.
A gnoll comes into view. It is wielding a +0 club.
The gnoll shouts!
The kobold hits you with a +0 short sword.
You hit the kobold but do no damage. The kobold hits you but does no damage.
You hit the kobold. Your headbutt misses the kobold.
The kobold is moderately wounded.
The kobold misses you.
You barely miss the kobold. You headbutt the kobold.
You kill the kobold!
Trog accepts your kill.
You hit the gnoll but do no damage. The gnoll hits you with a +0 club.
The gnoll hits you from afar with a +0 halberd!
* * * LOW HITPOINT WARNING * * *
A red film seems to cover your vision as you go berserk!
You feel yourself moving faster!
You feel mighty! The gnoll misses you.
The gnoll hits you from afar with a +0 halberd!
You die...

.... .).#
#..## ....
#..# #..#
#.######.>#
#..gg@....#
##.#####.##
#.# #.# #<#
#.## #.†#
#...#
#.....


You could see 2 gnolls.

Vanquished Creatures
  A gnoll (D:3)
  An ooze (D:1)
  A dart slug (D:3)
  A leopard gecko (D:1)
  3 goblins (D:1)
  3 hobgoblins
  3 bats
  2 frilled lizards (D:1)
  3 kobolds
  3 rats (D:1)
21 creatures vanquished.

Notes
Turn   | Place    | Note
-------+----------+-------------------------------------------
     0 | D:1      | snetch the Minotaur Berserker began the quest for the Orb.
     0 | D:1      | Reached XP level 1. HP: 19/19 MP: 0/0
     6 | D:1      | Noticed a swamp drake
     6 | D:1      | Noticed a polar bear
     6 | D:1      | Noticed a hog
     7 | D:1      | Noticed a black mamba
   261 | D:1      | Reached XP level 2. HP: 26/27 MP: 1/1
  1147 | D:3      | Reached XP level 3. HP: 27/33 MP: 2/2
  1152 | D:3      | Slain by a gnoll

Illustrated notes

Levels and vault maps discovered:
D:1:      onia_arrival_zoo_common, layout_basic, roderic_roman_lattice
D:2:      layout_basic, grunt_temple_overflow_open, serial_curves,
          eino_curves_03, eino_curves_04
D:3:      kennysheep_goblin_castle, layout_loops_corners, makhleb_grotto_becter,
          kennysheep_generic_room_11, uniq_terence, uniq_natasha, uniq_grinder

Skill      XL: |  1  2 |
---------------+-------+-----
Axes           | 4 |  4.4
Fighting       | 4 |  4.1
Armour         | |  2.7
Dodging        | |  2.5
Stealth        | |  0.3

Action                   || total
-------------------------++-------
Melee: Hand axe          ||    51
       Headbutt          ||     5
Invok: Berserk           ||     1
 Stab: Sleeping          ||     1
Armor: Animal skin       ||     9
Dodge: Dodged            ||    31

Table legend: (Time is in decaauts)
 A = Elapsed time spent in this place.
 B = Non-inter-level travel time spent in this place.
 C = Inter-level travel time spent in this place.
 D = Time resting spent in this place.
 E = Time spent auto-exploring this place.
 F = Levels seen in this place.
 G = Mean time per level.
                   A        B        C        D        E       F      G
               +--------+--------+--------+--------+--------+-----+--------+
         Total |   1159 |   1117 |     42 |      0 |    881 |   3 |  386.3 |
       Dungeon |   1159 |   1117 |     42 |      0 |    881 |   3 |  386.3 |
               +--------+--------+--------+--------+--------+-----+--------+

Top non-repeatable levels by time:
     D:1: 1015 daAuts
     D:2: 121 daAuts
     D:3: 22 daAuts
